Map: Lost and Found LE

Players

HappyRogue

  • Race: Zerg Zerg
  • League: Diamond
  • Spawn Location: 1:00

Dauntless - Winner!

  • Race: Protoss Protoss
  • Spawn Location: 7:00

VOD

Have the link to the VOD?

Description

Time

  • Played on: Oct. 20, 2018, 3:47 p.m.
  • Length: 11:49
Show
View Real Time Build Order
Export as new Build Order

HappyRogue Zerg 

Build Orders: Hatch First 

Get SALT Encoding   

  12  0:01  Drone  
  13  0:13  Overlord  
  13  0:16  Drone  
  14  0:24  Extractor  
  14  0:25  Drone  
  15  0:47  Hatchery  
  15  0:49  Drone  
  15  0:55  Drone  
  16  0:57  Drone  
  16  1:03  Drone  
  18  1:04  Extractor  
  17  1:20  Spawning Pool  
  17  1:23  Drone  
  18  1:25  Drone  
  18  1:36  Drone  
  19  1:55  Hatchery  
  18  2:07  Zergling x4  
  20  2:09  Queen  
  20  2:14  Drone  
  23  2:20  Metabolic Boost  
  23  2:31  Queen  
  23  2:37  Overlord  
  25  2:42  Drone  
  25  2:44  Drone  
  27  2:52  Drone  
  27  2:56  Drone x2  
  27  2:57  Drone  
  31  2:59  Drone  
  31  3:05  Spore Crawler  
  31  3:07  Drone  
  31  3:12  Spore Crawler  
  31  3:18  Drone  
  32  3:22  Drone x2  
  32  3:23  Drone  
  35  3:30  Lair  
  35  3:31  Drone  
  36  3:37  Spore Crawler  
  35  3:41  Queen  
  35  3:44  Drone  
  38  3:52  Drone x4  
  42  3:57  Overlord  
  42  4:11  Overlord  
  42  4:15  Overlord  
  37  4:19  Drone x4  
  37  4:20  Drone  
  40  4:26  Drone x2  
  42  4:32  Overlord  
  42  4:34  Drone  
  42  4:35  Drone x2  
  45  4:41  Hydralisk Den  
  45  4:43  Zergling x2  
  45  4:45  Zergling x2  
  45  4:46  Zergling x2  
  45  4:47  Zergling x2  
  48  4:56  Baneling Nest  
  48  4:59  Overlord  
  46  5:11  Drone x6  
  46  5:12  Drone x2  
  52  5:25  Drone x5  
  52  5:27  Drone x3  
  52  5:28  Drone  
  59  5:32  Queen x2  
  63  5:36  Drone  
  63  5:40  Drone x2  
  63  5:42  Extractor  
  64  5:44  Grooved Spines  
  64  5:47  Extractor, Queen  
  64  5:48  Overlord  
  65  6:02  Extractor  
  62  6:04  Overlord  
  62  6:05  Drone x2  
  62  6:06  Extractor, Drone x5  
  68  6:11  Queen  
  68  6:14  Burrow  
  68  6:18  Evolution Chamber  
  69  6:20  Hatchery  
  69  6:24  Evolution Chamber  
  67  6:31  Drone x2  
  67  6:32  Drone x2  
  71  6:33  Zergling x8  
  71  6:34  Zergling x2  
  71  6:39  Extractor  
  75  6:42  Drone x2  
  77  6:55  Muscular Augments  
  77  7:02  Drone  
  77  7:03  Drone x4  
  77  7:07  Spore Crawler  
  81  7:08  Zerg Missile Weapons Level 1, Zerg Ground Armor Level 1  
  81  7:10  Overlord x3  
  81  7:20  Queen  
  82  7:26  Overlord  
  82  7:27  Overlord x2  
  82  7:28  Queen x2  
  83  7:35  Spore Crawler  
  83  7:36  Spore Crawler  
  80  7:40  Spore Crawler  
  79  7:44  Drone  
  79  7:45  Spore Crawler, Drone x3  
  79  7:46  Spore Crawler x2  
  79  7:50  Spore Crawler, Drone x6  
  79  7:51  Drone x5  
  88  7:56  Drone x5  
  88  7:57  Drone  
  96  8:01  Overlord  
  96  8:11  Drone x3  
  96  8:12  Drone x5  
  104  8:14  Extractor  
  104  8:16  Spore Crawler  
  102  8:20  Extractor  
  102  8:21  Spore Crawler  
  102  8:25  Spore Crawler, Pneumatized Carapace  
  99  8:43  Drone x6  
  105  8:52  Hydralisk x2  
  105  8:53  Hydralisk x12  
  133  9:03  Infestation Pit, Hydralisk  
  133  9:04  Hydralisk x5  
  133  9:06  Zerg Ground Armor Level 2, Zerg Missile Weapons Level 2  
  133  9:08  Overlord  
  133  9:09  Overlord  
  144  9:11  Overlord  
  144  9:27  Hatchery, Hydralisk  
  144  9:28  Hydralisk x6  
  157  9:36  Hydralisk x4  
  157  9:37  Hydralisk  
  167  9:50  Hive  
  167  9:51  Pathogen Glands  
  167  9:55  Overlord x4  
  167  10:04  Overseer  
  167  10:06  Overlord  
  167  10:15  Hydralisk  
  167  10:16  Hydralisk x26  
  167  10:17  Hydralisk x3  
  187  10:34  Hydralisk x6  
  187  10:35  Overseer x2, Hydralisk x2  
  197  10:36  Overseer x3  
  167  10:44  Hydralisk x4  
  167  10:45  Hydralisk  
  153  10:58  Hydralisk x2  
  153  10:59  Hydralisk x7  
  171  11:06  Hydralisk x2  
  171  11:07  Hydralisk  
  157  11:26  Overlord  
Show
View Real Time Build Order
Export as new Build Order

Dauntless Protoss - Winner!

Build Orders: 1 Gate Expand, Oracle Opening, Phoenix Opening 

Get SALT Encoding   

  12  0:00  Probe  
  13  0:12  Probe  
  14  0:19  Pylon  
  14  0:24  Probe  
  15  0:33  Probe  
  15  0:38  Assimilator  
  15  0:41  Probe  
  16  0:46  Gateway  
  17  0:50  Probe  
  18  0:58  Probe  
  19  1:07  Probe  
  20  1:17  Probe  
  21  1:26  Nexus  
  21  1:35  Cybernetics Core  
  21  1:42  Pylon  
  21  1:48  Assimilator, Probe  
  22  2:00  Probe  
  23  2:12  Adept, Probe  
  24  2:20  Stargate  
  26  2:26  Probe  
  26  2:28  Assimilator  
  27  2:32  Warp Gate  
  27  2:37  Adept  
  27  2:39  Probe  
  27  2:42  Probe  
  31  2:51  Probe  
  32  2:52  Pylon  
  32  2:53  Oracle  
  32  2:54  Probe  
  32  2:56  Adept  
  33  3:03  Probe  
  39  3:08  Probe  
  40  3:15  Probe  
  41  3:20  Probe, Pylon  
  41  3:22  Sentry  
  44  3:29  Probe  
  44  3:32  Phoenix  
  47  3:37  Probe  
  49  3:41  Probe  
  49  3:48  Adept  
  49  3:49  Probe  
  49  3:52  Assimilator  
  49  3:53  Probe  
  53  3:56  Pylon  
  53  4:01  Probe  
  51  4:34  Probe x2  
  53  4:43  Stargate x2  
  53  4:48  Gateway  
  53  4:50  Gateway  
  53  4:52  Gateway  
  53  4:53  Gateway  
  53  4:55  Gateway  
  53  4:56  Gateway  
  47  5:31  Phoenix x3  
  47  5:35  Protoss Air Weapons Level 1  
  53  5:41  Probe x2  
  53  5:48  Pylon  
  53  5:51  Pylon  
  53  5:53  Probe  
  53  5:56  Adept x3, Twilight Council  
  60  5:57  Adept x3  
  60  5:58  Forge  
  60  6:03  Forge  
  66  6:06  Phoenix  
  66  6:07  Phoenix  
  66  6:10  Phoenix  
  72  6:29  Protoss Ground Weapons Level 1  
  72  6:30  Protoss Ground Armor Level 1  
  72  6:33  Oracle  
  72  6:34  Phoenix  
  72  6:35  Phoenix  
  79  6:44  Dark Shrine  
  79  6:49  Probe  
  79  6:50  Probe  
  81  6:59  Phoenix  
  83  7:02  Nexus  
  83  7:05  Pylon  
  83  7:09  Oracle  
  84  7:32  Adept, Resonating Glaives  
  84  7:36  Protoss Air Armor Level 1  
  86  7:39  Probe  
  86  7:40  Probe  
  88  7:51  Probe, Phoenix  
  88  7:52  Probe  
  88  7:55  Zealot  
  94  7:59  Protoss Ground Armor Level 2  
  94  8:01  Pylon  
  94  8:04  Pylon  
  94  8:06  Protoss Ground Weapons Level 2  
  94  8:08  Pylon  
  94  8:11  Assimilator  
  94  8:14  Probe  
  94  8:17  Probe x2, Assimilator  
  97  8:26  Probe, Zealot x2  
  97  8:27  Zealot  
  104  8:29  Probe x2  
  104  8:31  Phoenix  
  108  8:38  Probe  
  108  8:41  Probe x2  
  110  8:46  Shadow Stride  
  111  8:50  Probe, Dark Templar  
  111  8:53  Probe x2  
  116  9:04  Shield Battery  
  116  9:06  Shield Battery  
  116  9:08  Dark Templar x2  
  120  9:10  Zealot x3  
  120  9:12  Charge  
  126  9:17  Phoenix  
  125  9:31  Probe x3  
  128  9:40  Cybernetics Core  
  128  9:44  Fleet Beacon  
  128  9:47  Dark Templar  
  128  9:50  Zealot  
  132  10:12  Pylon  
  132  10:15  Pylon  
  132  10:18  Pylon, Nexus  
  132  10:19  Assimilator  
  132  10:21  Pylon  
  132  10:22  Pylon  
  132  10:23  Assimilator  
  132  10:24  Pylon x2  
  132  10:26  Pylon  
  132  10:27  Pylon  
  130  10:30  Pylon  
  130  10:37  Zealot x4  
  130  10:38  Zealot  
  140  11:00  Dark Templar x5  
  140  11:01  Dark Templar  
  140  11:03  Phoenix  
Tags
 
Add a new tag
Caveats
  • Supply blocks, unpowered buildings, or Contaminate may cause inaccurate times.
  • Supply counts are checked every 10 seconds.